 Dungeon Crawl Stone Soup version 0.21.1-1-g345015fe64 (webtiles) character file.

4507 Masnef the Covert (level 10, -3/44 HPs)
             Began as a Spriggan Enchanter on June 28, 2018.
             Was a Believer of Kikubaaqudgha.
             Killed by divine providence
             ... invoked by an orc priest
              (15 damage)
             ... on level 7 of the Dungeon.
             The game lasted 00:26:59 (8059 turns).

Masnef the Covert (Spriggan Enchanter)              Turns: 8059, Time: 00:26:59

Health: -3/44      AC:  4    Str:  4    XL:     10   Next: 16%
Magic:  22/22      EV: 21    Int: 21    God:    Kikubaaqudgha [**....]
Gold:   277        SH:  0    Dex: 16    Spells: 11/23 levels left

rFire    . . .     SeeInvis +   y - +2 dagger (drain)
rCold    . . .     Gourm    .   (shield restricted)
rNeg     . . .     Faith    +   b - +1 robe
rPois    .         Spirit   .   (helmet restricted)
rElec    .         Reflect  .   q - +0 cloak
rCorr    .         Harm     .   (gloves unavailable)
MR       +....                  (boots unavailable)
Stlth    +++.......             l - amulet of faith
HPRegen  0.14/turn              n - ring of wizardry
MPRegen  0.18/turn              A - ring of stealth

@: confused, very quick
A: very small, unfitting armour, see invisible, herbivore, speed 3, slow
metabolism 2
a: Receive Corpses, Renounce Religion


You were on level 7 of the Dungeon.
You worshipped Kikubaaqudgha.
Kikubaaqudgha was pleased with you.
You were not hungry.

You visited 2 branches of the dungeon, and saw 8 of its levels.

You collected 277 gold pieces.

Inventory:

Hand Weapons
 a - a +2 dagger
 y - a +2 dagger of draining (weapon)
 D - a +2 fustibalus of flaming
 L - a +0 hand axe
Missiles
 M - 18 sling bullets
Armour
 b - a +1 robe (worn)
 q - a +0 cloak (worn)
 I - a +2 robe of magic resistance
Jewellery
 l - an amulet of faith (around neck)
 n - a ring of wizardry (left hand)
 s - an uncursed ring of see invisible
 A - a ring of stealth (right hand)
 H - a cursed amulet of inaccuracy {unknown}
 J - an uncursed ring of protection from fire {unknown}
Wands
 u - a wand of digging (4)
 K - a wand of enslavement (11)
 N - a wand of random effects (16)
Scrolls
 f - 3 scrolls of enchant armour
 r - a scroll of remove curse
 t - a scroll of identify
 x - 3 scrolls of enchant weapon
Potions
 e - 3 potions of heal wounds
 g - a potion of invisibility {unknown}
 h - 2 potions of ambrosia
 i - 9 potions of curing
 j - a potion of might {unknown}
 k - 3 potions of brilliance
 m - 2 potions of mutation {unknown}
 o - a potion of haste
 v - 2 potions of degeneration {unknown}
 w - a potion of lignification {unknown}
 z - a potion of cancellation {unknown}
 C - a potion of agility {unknown}
 F - a potion of flight {unknown}
Books
 c - a book of Maledictions

   Spells                             Type                      Level
   a - Corona                         Hexes                        1
   b - Ensorcelled Hibernation        Hexes/Ice                    2
   c - Confuse                        Hexes                        3
   d - Tukima's Dance                 Hexes                        3
   e - Dazzling Spray                 Conjuration/Hexes            3
 p - a book of Changes

   Spells                             Type                      Level
   a - Beastly Appendage              Transmutation                1
   b - Sticks to Snakes               Transmutation                2
   c - Spider Form                    Transmutation/Poison         3
   d - Ice Form                       Ice/Transmutation            4
   e - Blade Hands                    Transmutation                5
 B - Kikubaaqudgha's Tome of Necromancy
   (Kikubaaqudgha gifted it to you on level 6 of the Dungeon)

   Spells                             Type                      Level
   a - Animate Skeleton               Necromancy                   1
   b - Pain                           Necromancy                   1
   c - Sublimation of Blood           Necromancy                   2
   d - Regeneration                   Charms/Necromancy            3
 G - a book of Necromancy

   Spells                             Type                      Level
   a - Pain                           Necromancy                   1
   b - Animate Skeleton               Necromancy                   1
   c - Vampiric Draining              Necromancy                   3
   d - Regeneration                   Charms/Necromancy            3
   e - Animate Dead                   Necromancy                   4
   f - Borgnjor's Vile Clutch         Necromancy/Earth             5
Miscellaneous
 E - a fan of gales
Comestibles
 d - 14 rations


   Skills:
 - Level 8.0 Short Blades
 - Level 1.5 Slings
 + Level 5.9 Dodging
 - Level 12.5 Stealth
 + Level 7.3 Spellcasting
 + Level 7.8 Hexes
 * Level 4.5 Necromancy


You had 11 spell levels left.
You knew the following spells:

 Your Spells              Type           Power        Failure   Level  Hunger
a - Animate Dead          Necr           N/A          5%          4    ###....
b - Ensorcelled Hibernat  Hex/Ice        ###...       1%          2    None
c - Confuse               Hex            #####...     1%          3    None
d - Dazzling Spray        Conj/Hex       ###...       1%          3    None


Dungeon Overview and Level Annotations

Branches:
Dungeon (7/15)             Temple (1/1) D:6

Altars:
Ashenzari
Cheibriados
Dithmenos
Elyvilon
Fedhas
Hepliaklqana
Kikubaaqudgha
Nemelex Xobeh
Okawaru
Qazlal
Ru
Sif Muna
Trog
Vehumet
Wu Jian
Xom
Yredelemnul
Zin

Shops:
D:7 =}


Innate Abilities, Weirdness & Mutations

You are very small and have problems with some larger weapons.
You are too small for most types of armour.
You have supernaturally acute eyesight. (SInv)
You are a herbivore.
You cover ground extremely quickly.
You need consume almost no food.


Message History

The sixfirhy hits you! The sixfirhy shocks you!
* * * LOW HITPOINT WARNING * * *
The shadow imp spits at you.
The shadow imp grinds its teeth.
The shadow imp sputters.
Okay, then.
Casting: Dazzling Spray
Confirm with . or Enter, or press ? or * to list all spells.
Okay, then.
Okay, then.
Okay, then.
Casting: Dazzling Spray
Confirm with . or Enter, or press ? or * to list all spells.
Okay, then.
Okay, then.
You are confused.
You feel invigorated. The sixfirhy closely misses you.
The orc priest calls down the wrath of Beogh upon you.
Beogh smites you!
You die...
Kikubaaqudgha rasps: "You have failed me!
Welcome... death!"

###### #..... #.....
############# ######.....
.!p.........###..........
###########.##..........:
..555oK#P8#..............
≈≈≈≈≈≈≈#@P#.#............
..≈≈≈..#3.#...#####..#...
..≈⌠≈..3.©#©..# ##.#>†.
..≈≈≈..#..#..## #.#.).
≈≈≈≈≈≈≈#.P#.## ###.##.#
#.#8≈#...Ko55#P8#.# ##...##.#
#.###############.# #..#....#
#.................# ###.####..#
.......)#...##.######...###...#


You could see 2 kobold demonologists, a sixfirhy, a neqoxec, 2 orc priests, 5
shadow imps and a neutral freed slave (wandering).

Vanquished Creatures
  A two-headed ogre (D:6)
  A tengu warrior (D:6)
  Pikel (D:7)
  Grinder (D:3)
  Prince Ribbit (D:5)
  Duvessa (D:7)
  A phantom (D:5)
  3 sky beasts
  3 ice beasts
  A black bear (D:6)
  2 ogres (D:4)
  A centaur (D:6)
  A bullfrog (D:7)
  A wyvern zombie (D:6)
  Dowan (D:7)
  2 scorpions
  4 wights (D:7)
  2 crimson imps (D:6)
  A quasit (D:7)
  A centaur zombie (D:7)
  A jelly (D:7)
  3 orc wizards (D:6)
  2 orc priests
  A bullfrog skeleton (D:7)
  Crazy Yiuf (D:3)
  A centaur skeleton (D:6)
  Terence (D:3)
  An iguana (D:7)
  3 worker ants
  A killer bee zombie (D:7)
  2 hound skeletons
  A howler monkey skeleton (D:7)
  2 worker ant zombies (D:5)
  10 adders
  2 shadow imps
  5 oozes
  An adder skeleton (D:5)
  2 worms
  2 dart slugs (D:1)
  5 leopard geckos
  13 orcs
  2 ball pythons
  8 bats
  5 giant cockroaches
  9 goblins
  5 hobgoblins
  13 jackals
  2 quokkas
  A ball python skeleton (D:5)
  2 frilled lizards
  7 kobolds
  2 leopard gecko skeletons
  A quokka skeleton (D:4)
  7 rats
  A spectral orc (D:6)
155 creatures vanquished.

Vanquished Creatures (collateral kills)
  A bullfrog (D:7)
  An orc (D:7)
2 creatures vanquished.

Vanquished Creatures (others)
  An orc priest (D:7)
  A worker ant zombie (D:7)
2 creatures vanquished.

Grand Total: 159 creatures vanquished

Notes
Turn   | Place    | Note
-------+----------+-------------------------------------------
     0 | D:1      | Masnef the Spriggan Enchanter began the quest for the Orb.
     0 | D:1      | Reached XP level 1. HP: 9/9 MP: 5/5
   166 | D:1      | Reached skill level 5 in Stealth
   172 | D:1      | Reached XP level 2. HP: 6/13 MP: 4/6
   181 | D:1      | Learned a level 2 spell: Ensorcelled Hibernation
  1623 | D:2      | Reached XP level 3. HP: 14/16 MP: 5/8
  1716 | D:2      | Reached skill level 6 in Stealth
  1961 | D:2      | Reached XP level 4. HP: 21/21 MP: 9/9
  1966 | D:2      | Learned a level 3 spell: Confuse
  2068 | D:2      | Noticed a water elemental
  2070 | D:2      | Found a stormy altar of Qazlal.
  2071 | D:2      | Noticed a fire elemental
  2071 | D:2      | Noticed an air elemental
  2071 | D:2      | Noticed an earth elemental
  2279 | D:2      | Found an ornate altar of the Wu Jian Council.
  2610 | D:3      | Reached skill level 7 in Stealth
  2630 | D:3      | Noticed Grinder
  2647 | D:3      | Killed Grinder
  2647 | D:3      | Reached skill level 9 in Stealth
  2647 | D:3      | Reached XP level 5. HP: 7/24 MP: 5/10
  2647 | D:3      | Reached XP level 6. HP: 9/28 MP: 5/11
  3136 | D:3      | Found a runed door.
  3163 | D:3      | Noticed Terence
  3173 | D:3      | Killed Terence
  3191 | D:3      | Learned a level 3 spell: Dazzling Spray
  3538 | D:3      | Found an iron altar of Okawaru.
  3913 | D:3      | Noticed Crazy Yiuf
  3917 | D:3      | Killed Crazy Yiuf
  3973 | D:4      | Reached skill level 5 in Short Blades
  3973 | D:4      | Reached skill level 10 in Stealth
  3973 | D:4      | Reached XP level 7. HP: 32/32 MP: 9/12
  4912 | D:4      | Found a sparkling altar of Nemelex Xobeh.
  4916 | D:4      | Found a shadowy altar of Dithmenos.
  5028 | D:5      | Entered Level 5 of the Dungeon
  5422 | D:5      | Reached skill level 11 in Stealth
  5610 | D:5      | Noticed Prince Ribbit
  5620 | D:5      | Killed Prince Ribbit
  5620 | D:5      | Reached XP level 8. HP: 36/36 MP: 5/14
  5945 | D:6      | Found a staircase to the Ecumenical Temple.
  5954 | Temple   | Entered the Ecumenical Temple
  6062 | Temple   | Became a worshipper of Kikubaaqudgha
  6109 | D:6      | Noticed a two-headed ogre
  6110 | D:6      | Noticed a tengu warrior
  6127 | D:6      | Found a blossoming altar of Fedhas.
  6218 | D:6      | Reached skill level 12 in Stealth
  6238 | D:6      | Found a sacrificial altar of Ru.
  6395 | D:6      | Found a transporter.
  6407 | D:6      | Found a transporter.
  6418 | D:6      | Found a hazy altar of Hepliaklqana.
  6456 | D:6      | Reached * piety under Kikubaaqudgha
  6456 | D:6      | Identified Kikubaaqudgha's Tome of Necromancy (Kikubaaqudgha gifted it to you on level 6 of the Dungeon)
  6456 | D:6      | Received a gift from Kikubaaqudgha
  6605 | D:6      | Found a basalt altar of Yredelemnul.
  6944 | D:6      | Killed a tengu warrior
  6944 | D:6      | Reached skill level 5 in Spellcasting
  6944 | D:6      | Reached skill level 5 in Hexes
  6944 | D:6      | Reached XP level 9. HP: 39/39 MP: 9/17
  6950 | D:6      | Killed a two-headed ogre
  6950 | D:6      | Reached skill level 5 in Dodging
  7294 | D:7      | Noticed Pikel
  7324 | D:7      | Noticed a kobold demonologist
  7355 | D:7      | Reached skill level 1 in Slings
  7379 | D:7      | Learned a level 4 spell: Animate Dead
  7470 | D:7      | Noticed Duvessa
  7471 | D:7      | Noticed Dowan
  7490 | D:7      | Killed Duvessa
  7511 | D:7      | Killed Dowan
  7628 | D:7      | Found Geocolib's Jewellery Shoppe.
  7652 | D:7      | Reached XP level 10. HP: 43/44 MP: 17/21
  7659 | D:7      | Killed Pikel
  7663 | D:7      | Reached ** piety under Kikubaaqudgha
  7733 | D:7      | Found Ciarph's Gadget Boutique.
  8024 | D:7      | Found a transporter.
  8055 | D:7      | Noticed a sixfirhy
  8059 | D:7      | Killed from afar by an orc priest

Skill      XL: |  1  2  3  4  5  6  7  8  9 10 |
---------------+-------------------------------+-----
Stealth        | 5 6 9 10 11 12 | 12.5
Short Blades   | 2 4 5 6 8 |  8.0
Spellcasting   | 3 5 6 7 |  7.3
Hexes          | 4 5 7 |  7.8
Dodging        | 4 5 |  5.9
Necromancy     | 2 4 |  4.5
Slings         | 1 |  1.5

Action                   |  1- 3 |  4- 6 |  7- 9 | 10-12 || total
-------------------------+-------+-------+-------+-------++-------
Melee: Dagger            |    79 |   135 |   257 |    55 ||   526
 Fire: Fustibalus        |       |       |     2 |       ||     2
 Cast: Corona            |     2 |       |       |       ||     2
       Ensorcelled Hiber |    13 |     9 |    34 |       ||    56
       Confuse           |       |     1 |    11 |     2 ||    14
       Dazzling Spray    |       |       |     2 |     4 ||     6
       Animate Dead      |       |       |     1 |       ||     1
  Use: Scroll            |     4 |     1 |     9 |       ||    14
       Potion            |       |       |     1 |     2 ||     3
 Stab: Sleeping          |    15 |    25 |    42 |     2 ||    84
       Confused          |       |     3 |     8 |     2 ||    13
       Distracted        |       |       |     2 |     1 ||     3
       Invisible         |       |       |     1 |       ||     1
  Eat: Ration            |       |     1 |     3 |       ||     4
Armor: Robe              |     5 |    10 |    19 |     6 ||    40
Dodge: Dodged            |    52 |    93 |   182 |    42 ||   369
